 Dungeon Crawl Stone Soup version 0.27.1 (webtiles) character file.

Game seed: 1293613737833195160

33 karkarkar the Skirmisher (level 3, -16/23 HPs)
             Began as a Gargoyle Fighter on Aug 21, 2021.
             Demolished by a gnoll (19 damage)
             ... on level 1 of the Dungeon.
             The game lasted 00:03:00 (1511 turns).

karkarkar the Skirmisher (Gargoyle Fighter)         Turns: 1511, Time: 00:03:00

Health: -16/23     AC: 14    Str: 20    XL:     3   Next: 29%
Magic:  3/3        EV:  3    Int:  8    God:
Gold:   51         SH:  9    Dex:  9    Spells: 2/2 levels left

rFire    . . .     SeeInvis .   a - +0 war axe
rCold    . . .     Faith    .   c - +0 kite shield
rNeg     + . .     Spirit   .   e - +0 plate armour
rPois    ∞         Reflect  .   (no helmet)
rElec    +         Harm     .   (no cloak)
rCorr    .         Rampage  .   (no gloves)
Will     .....                  (no boots)
Stlth    ..........             (no amulet)
HPRegen  0.07/turn              (no ring)
MPRegen  0.08/turn              (no ring)

@: no status effects
A: sickness immunity, AC +3, negative energy resistance 1, electricity
resistance, torment resistance 1, petrification resistance
a: no special abilities


You were on level 1 of the Dungeon.
You visited 1 branch of the dungeon, and saw 2 of its levels.

You collected 51 gold pieces.

Inventory:

Hand Weapons
 a - a +0 war axe (weapon)
Missiles
 f - 2 poisoned darts (quivered)
 j - 4 atropa-tipped darts
Armour
 c - a +0 kite shield (worn)
 e - a +0 plate armour (worn)
Scrolls
 h - a scroll of amnesia {unknown}
 i - a scroll of fog {unknown}
 l - a scroll of blinking {unknown}
Potions
 b - a potion of attraction {unknown}
 d - a potion of might
 g - 2 potions of flight {unknown}
 k - a potion of mutation {unknown}


   Skills:
 - Level 3.3 Fighting
 + Level 3.0 Axes
 - Level 3.3 Armour
 + Level 0.3 Dodging
 + Level 0.6 Stealth
 - Level 3.3 Shields


You had 2 spell levels left.
You didn't know any spells.
Your spell library was empty.

Dungeon Overview and Level Annotations

Branches:
Dungeon (2/15)

Altars:

Shops:
D:1 [


Innate Abilities, Weirdness & Mutations

You are immune to sickness and miasma.
Your stone body is resilient. (AC +3)
You are immune to poison.
You resist negative energy. (rN+)
You are resistant to electric shocks. (rElec)
You are resistant to unholy torment.
You are immune to petrification.


Message History

a +0 short sword; 4 stones; a kobold corpse
Found 4 large rocks.
Found a scroll labelled JYHORE WATOI.
No target in view!
A gnoll comes into view.
It is wielding a +2 flail of distortion.
The gnoll shouts!
You hear a shout!
A gnoll comes into view. It is wielding a +0 flail.
You hear a shout!
You throw an atropa-tipped dart.
The atropa-tipped dart barely misses the gnoll.
The atropa-tipped dart hits the gnoll.
The gnoll appears confused.
You throw an atropa-tipped dart.
The atropa-tipped dart completely misses the gnoll.
The atropa-tipped dart hits the gnoll.
The gnoll appears confused.
You throw an atropa-tipped dart.
The atropa-tipped dart closely misses the gnoll.
The atropa-tipped dart hits the gnoll.
The gnoll appears confused.
Press: ? - help, v - describe, . - travel
Here: a gnoll, wielding a +2 flail of distortion The floor.
You throw a poisoned dart. The poisoned dart hits the gnoll.
The gnoll is poisoned.
You throw a poisoned dart. The poisoned dart hits the gnoll.
The gnoll is lightly wounded.
The gnoll hits you but does no damage. Space warps horribly around you!
Ouch! That really hurt!
The gnoll looks more healthy.
You see here 4 large rocks.
Okay, then.
There is a stone staircase leading up here.
The gnoll hits you with a +2 flail of distortion.
* * * LOW HITPOINT WARNING * * *
Space bends around you.
* * * LOW HITPOINT WARNING * * *
You climb upwards.
There is a stone staircase leading down here.
As you open the door, it creaks loudly! The gnoll hits you but does no damage.
Space warps horribly around you!!
Ouch! That really hurt!
You die...

#.#.#.#.#.#### ##.####.#####
#.#.#.#.#.# #.# #######
#.#.#.#.#.# #.# #...>
#.........# ##'## #.###
#####.##### ##...## #.# #
####.#### ##.....## #.###
#.......## ##.......###.##.
#.#...>..####..)......##....
#.#(###...g@'...............
#.#.# #..####...............
#.#.###.## ##.......#.####.
#.#.....# ##.....##.# ##
#.......# ##...###.#####
#####.### ##+## #.##... #.#
### #.# #.##.## #.###.## #.#
#.##.## #......######.##
#.....†


You could see a gnoll.

Vanquished Creatures
  2 worms (D:2)
  A dart slug (D:2)
  6 ball pythons
  2 endoplasms (D:1)
  2 giant cockroaches (D:2)
  2 goblins (D:1)
  A hobgoblin (D:1)
  2 kobolds (D:2)
  2 quokkas (D:1)
  A frilled lizard (D:1)
  3 rats
24 creatures vanquished.

Notes
Turn   | Place    | Note
-------+----------+-------------------------------------------
     0 | D:1      | karkarkar the Gargoyle Fighter began the quest for the Orb.
     0 | D:1      | Reached XP level 1. HP: 14/14 MP: 1/1
    71 | D:1      | Found Mufiti's Antique Armour Shop.
   435 | D:1      | Reached XP level 2. HP: 19/19 MP: 2/2
  1149 | D:2      | Reached XP level 3. HP: 13/23 MP: 3/3
  1511 | D:1      | Demolished by a gnoll

Illustrated notes

Levels and vault maps discovered:
D:1:      evilmike_arrival_plus, layout_loops_corners, serial_shops, shop,
          hex_medium, chequers_garden, minivault_11, kennysheep_nondescript
D:2:      layout_loops_ring

Skill      XL: |  1  2  3 |
---------------+----------+-----
Axes           | 2 3 |  3.0
Fighting       | |  3.3
Armour         | |  3.3
Dodging        | |  0.3
Stealth        | |  0.6
Shields        | |  3.3

Action                   || total
-------------------------++-------
Melee: War axe           ||    71
Throw: Dart              ||     5
  Use: Scroll            ||     1
Armor: Scale mail        ||    21
       Plate armour      ||    14
Dodge: Dodged            ||    22
Block: Kite shield       ||    33
